 Dungeon Sprint DCSS version 0.30-a0-122-g2a1322497e (webtiles) character file.

Game seed: 16732439574497286665

0 dduke234 the Shield-Bearer (level 1, 0/19 HPs)
             Began as a Formicid Fighter on Sept 15, 2022.
             Killed from afar by Sigmund (9 damage)
             ... with a puff of flame
             ... in the Dungeon (Sprint VI: "Thunderdome").
             The game lasted 00:00:34 (56 turns).

dduke234 the Shield-Bearer (Formicid Fighter)         Turns: 56, Time: 00:00:35

Health: 0/19       AC:  7    Str: 20    XL:     1   Next: 88%
Magic:  1/1        EV:  9    Int:  7    God:
Gold:   200        SH:  5    Dex: 13    Spells: 0/0 levels left

rFire   . . .      SeeInvis +    a - +0 long sword
rCold   . . .      Faith    .    c - +0 buckler
rNeg    . . .      Spirit   .    b - +0 scale mail
rPois   .          Reflect  .    (helmet unavailable)
rElec   .          Harm     .    (no cloak)
rCorr   .          Rampage  .    (no gloves)
Will    .....                    (no boots)
Stlth   ..........               (no amulet)
HPRegen 0.06/turn                (no ring)
MPRegen 0.07/turn                (no ring)

@: no status effects
A: permanent stasis, dig shafts and tunnels, antennae 3, four strong arms
a: Dig


You were in the Dungeon.
You visited 1 branch You collected 200 gold pieces.

Inventory:

Hand Weapons
 a - a +0 long sword (weapon)
Armour
 b - a +0 scale mail (worn)
 c - a +0 buckler (worn)
Wands
 i - a wand of quicksilver (5)
 j - a wand of iceblast (5)
Scrolls
 l - 3 scrolls of fog
 m - 3 scrolls of blinking {unknown}
Potions
 d - a potion of might
 e - a potion of curing
 f - 3 potions of heal wounds
 g - 2 potions of magic
 h - a potion of resistance
 k - 3 potions of haste {unknown}


   Skills:
 * Level 4.0 Fighting
 * Level 2.3 Long Blades
 + Level 3.7 Armour
 * Level 1.3 Stealth
 + Level 4.4 Shields


You couldn't memorise any spells.
You didn't know any spells.
Your spell library was empty.

Dungeon Overview and Level Annotations

Branches:
Dungeon (1/1)

Altars:
Fedhas
Gozag
Kikubaaqudgha
Ru
Sif Muna
Trog
Vehumet
Wu Jian
Yredelemnul
The Shining One

Shops:
D *[?

Annotations:
D Sigmund


Innate Abilities, Weirdness & Mutations

You cannot be hasted, slowed, berserked, paralysed or teleported.
You can dig through walls and to a lower floor.
You have a pair of large antennae on your head. (SInv)
Your four strong arms can wield two-handed weapons with a shield.


Message History

You block Sigmund's attack.
You closely miss Sigmund.
Sigmund is almost dead.
Sigmund hits you with a +0 scythe!
* * * LOW HITPOINT WARNING * * *
You barely miss Sigmund.
Sigmund is almost dead.
You feel much better. Sigmund casts a spell at you.
You are confused.
The ball python bites you but does no damage.
The ball python grabs you. The ball python constricts you.
You escape the ball python's grasp.
Found a blossoming altar of Fedhas.
Sigmund mumbles some strange words.
Sigmund flickers and vanishes for a moment.
The ball python bites you but does no damage.
The ball python grabs you. The ball python constricts you.
You escape the ball python's grasp. 50...
Sigmund hits you but does no damage.
The ball python bites you but does no damage.
The ball python grabs you. The ball python constricts you.
You escape the ball python's grasp.
Sigmund attacks as you move away! Sigmund closely misses you.
Sigmund hits you from afar with a +0 scythe.
You barely miss the ball python.
You feel less confused.
The ball python bites you but does no damage.
The ball python closely misses you. Sigmund hits you but does no damage.
The ball python barely misses you. The ball python grabs you.
The ball python constricts you.
You hit the ball python.
You kill the ball python!
Sigmund hits you from afar with a +0 scythe.
Sigmund barely misses you.
You closely miss Sigmund.
Sigmund is almost dead.
Sigmund points at you and mumbles some strange words.
The puff of flame hits you!
You die...

.. _... .._# ###....
...## #⌠...... ....⌠
######.8..... ...8.
##.___......# .....
###∩........8.# .8...
##.............###.....
#⌠....@.....###...#
#⌠....@.....# #.<.#
#⌠.....††...###...#
##.............###.....
###∩......).8.# .8...
##∩.__......# .....
######.8.........8.
#⌠...........⌠
###.........##


You could see Sigmund (invisible).

Vanquished Creatures
  A dart slug (D)
  A goblin (D)
  2 ball pythons (D)
4 creatures vanquished.

Notes
Turn   | Place    | Note
-------+----------+-------------------------------------------
     0 | D        | dduke234 the Formicid Fighter began the quest for the Orb.
     0 | D        | Reached XP level 1. HP: 18/18 MP: 1/1
     1 | D        | Found an opulent altar of Gozag.
     1 | D        | Found a basalt altar of Yredelemnul.
     5 | D        | Found a glowing golden altar of the Shining One.
     5 | D        | Round 1.
     6 | D        | Found a radiant altar of Vehumet.
     6 | D        | Found a sacrificial altar of Ru.
     7 | D        | Found a bloodstained altar of Trog.
     8 | D        | Found Laneprag's Identification Station.
     8 | D        | Found an ornate altar of the Wu Jian Council.
     8 | D        | Found a shimmering blue altar of Sif Muna.
     9 | D        | Found Ipuc's Advanced Armour.
     9 | D        | Found Boshroh's Jewellery.
    11 | D        | Found an ancient bone altar of Kikubaaqudgha.
    21 | D        | Reached skill level 1 in Stealth
    24 | D        | Noticed Sigmund
    47 | D        | Found a blossoming altar of Fedhas.
    56 | D        | Killed from afar by Sigmund

Illustrated notes

Levels and vault maps discovered:
D:        arena_sprint

Skill      XL: |  1 |
---------------+----+-----
Fighting       | 4 |  4.0
Stealth        | 1 |  1.3
Long Blades    | |  2.3
Armour         | |  3.7
Shields        | |  4.4

Action                   || total
-------------------------++-------
Melee: Long sword        ||    21
  Use: Potion            ||     1
Armor: Scale mail        ||    11
Dodge: Dodged            ||     9
Block: Buckler           ||     6

Table legend: (Time is in decaauts)
 A = Elapsed time spent in this place.
 B = Non-inter-level travel time spent in this place.
 C = Inter-level travel time spent in this place.
 D = Time resting spent in this place.
 E = Time spent auto-exploring this place.
 F = Levels seen in this place.
 G = Mean time per level.
                   A        B        C        D        E       F      G
               +--------+--------+--------+--------+--------+-----+--------+
         Total |     62 |     62 |      0 |      0 |      0 |   1 |   62.0 |
       Dungeon |     62 |     62 |      0 |      0 |      0 |   1 |   62.0 |
               +--------+--------+--------+--------+--------+-----+--------+

Top non-repeatable levels by time:
       D: 62 daAuts
